Construct Section Command Post
Selects Air and Sea Battlegroup
Construct Platoon Command Post
Selects Commando Section Paradrop
Unlock M3 Stuart Light Tanks
6-pounder Anti-tank Gun Team
Selects M1 Pack Howitzer Paradrop
M1 Pack Howitzer Paradrop
Selects Incendiary Bombing Run
Commando Section Paradrop
6-pounder Anti-tank Gun Team